Map: Acropolis LE

Players

Astrea

  • Race: Protoss Protoss
  • Spawn Location: 11:00

Hellraiser - Winner!

  • Race: Protoss Protoss
  • Spawn Location: 5:00

VOD

Have the link to the VOD?

Description

Time

  • Played on: Sept. 6, 2019, 5:05 p.m.
  • Length: 8:10
Show
View Real Time Build Order
Export as new Build Order

Astrea Protoss 

Build Orders:  

Get SALT Encoding   

  12  0:00  Probe  
  13  0:12  Probe  
  14  0:17  Pylon  
  14  0:23  Probe  
  15  0:31  Probe  
  16  0:38  Gateway  
  16  0:39  Probe  
  16  0:46  Assimilator  
  17  0:51  Probe  
  17  0:54  Assimilator  
  18  0:59  Probe  
  19  1:07  Gateway, Probe  
  19  1:17  Probe  
  20  1:25  Cybernetics Core  
  21  1:29  Probe  
  22  1:34  Pylon  
  22  1:41  Probe  
  23  1:51  Warp Gate  
  23  1:53  Probe  
  24  2:01  Stalker  
  24  2:02  Sentry  
  24  2:05  Probe  
  29  2:11  Pylon  
  29  2:19  Probe  
  30  2:25  Pylon  
  30  2:32  Sentry  
  30  2:34  Probe  
  34  2:48  Probe  
  35  2:54  Nexus  
  35  2:56  Sentry  
  35  3:00  Probe  
  36  3:07  Pylon  
  36  3:12  Probe  
  37  3:19  Robotics Facility  
  37  3:23  Probe  
  38  3:31  Probe  
  38  3:39  Probe  
  39  3:41  Adept  
  39  3:42  Adept  
  44  3:51  Probe  
  45  4:02  Stalker  
  47  4:04  Warp Prism  
  47  4:05  Probe  
  47  4:06  Probe  
  51  4:17  Probe, Stalker  
  51  4:19  Probe  
  55  4:29  Probe  
  55  4:31  Probe  
  55  4:32  Adept  
  55  4:36  Immortal, Pylon  
  57  4:41  Probe  
  62  4:53  Pylon  
  62  4:54  Probe x2  
  62  4:58  Adept x2  
  68  5:06  Probe  
  69  5:09  Probe  
  70  5:17  Immortal  
  70  5:18  Probe  
  70  5:20  Assimilator  
  75  5:23  Assimilator  
  75  5:24  Pylon, Probe  
  76  5:29  Stalker  
  78  5:42  Probe x2, Stalker  
  82  5:49  Shield Battery  
  80  5:54  Probe x2  
  77  6:02  Forge  
  74  6:05  Twilight Council  
  74  6:06  Probe x2  
  76  6:18  Probe x2  
  78  6:23  Zealot x2  
  82  6:30  Probe  
  83  6:33  Gateway  
  83  6:35  Immortal, Gateway  
  83  6:38  Gateway  
  79  6:41  Shield Battery, Gateway  
  79  6:43  Shield Battery  
  79  6:44  Sentry  
  85  6:53  Pylon  
  85  7:02  Templar Archives  
  85  7:06  Stalker  
  85  7:08  Stalker  
  81  7:11  Immortal  
  81  7:14  Probe x2  
  63  7:28  Probe  
  62  7:31  Zealot x4  
  62  7:34  Probe  
  65  7:41  High Templar  
  65  7:42  Zealot  
  53  7:52  Zealot x2  
  53  7:58  Zealot  
Show
View Real Time Build Order
Export as new Build Order

Hellraiser Protoss - Winner!

Build Orders: Phoenix Opening 

Get SALT Encoding   

  12  0:00  Probe  
  13  0:13  Probe  
  14  0:17  Pylon  
  14  0:24  Probe  
  15  0:32  Probe  
  15  0:37  Gateway  
  15  0:40  Probe  
  16  0:47  Assimilator  
  17  0:51  Probe  
  17  0:55  Assimilator  
  18  0:59  Probe  
  19  1:07  Probe  
  19  1:08  Gateway  
  20  1:19  Probe  
  20  1:25  Cybernetics Core  
  21  1:31  Probe  
  22  1:36  Pylon  
  22  1:43  Probe  
  23  1:55  Probe  
  24  2:01  Warp Gate, Sentry, Stalker  
  24  2:07  Probe  
  29  2:13  Pylon  
  29  2:27  Stalker  
  31  2:31  Stalker  
  31  2:34  Phoenix  
  33  2:42  Probe  
  34  2:57  Nexus  
  34  2:59  Sentry  
  34  3:01  Probe  
  39  3:18  Pylon, Probe  
  38  3:21  Robotics Facility  
  38  3:29  Probe  
  39  3:37  Probe  
  40  3:45  Probe  
  40  3:49  Adept x2  
  40  3:54  Probe  
  45  4:02  Probe  
  46  4:04  Probe  
  48  4:11  Warp Prism, Probe  
  48  4:12  Probe  
  50  4:22  Probe  
  50  4:23  Probe  
  53  4:30  Twilight Council  
  54  4:34  Probe  
  54  4:35  Probe  
  56  4:43  Immortal  
  56  4:44  Pylon  
  60  4:53  Adept  
  60  4:57  Pylon  
  62  5:02  Resonating Glaives  
  62  5:10  Probe x2  
  62  5:13  Immortal  
  64  5:15  Stalker  
  64  5:16  Stalker  
  68  5:25  Probe  
  68  5:26  Assimilator  
  68  5:28  Probe  
  69  5:42  Gateway  
  69  5:43  Immortal, Gateway  
  69  5:46  Gateway  
  69  5:54  Gateway x2  
  69  5:55  Sentry  
  73  5:59  Gateway  
  69  6:05  Adept  
  71  6:14  Pylon  
  71  6:24  Pylon  
  71  6:25  Probe  
  72  6:31  Adept x2  
  76  6:38  Adept x2  
  79  6:41  Adept  
  76  6:55  Adept  
  76  6:56  Adept  
  76  6:58  Adept x3  
  83  7:03  Probe  
  83  7:04  Probe  
  77  7:15  Probe  
  76  7:25  Adept x3  
  76  7:26  Adept x2  
  75  7:30  Adept x3  
  81  7:39  Probe  
  75  7:56  Adept x4  
  72  7:59  Adept x2  
  72  8:00  Adept  
Tags
 
Add a new tag
Caveats
  • Supply blocks, unpowered buildings, or Contaminate may cause inaccurate times.
  • Supply counts are checked every 10 seconds.